 Dungeon Crawl Stone Soup version 0.14.2 (webtiles) character file.

226 Trafet the Ruffian (level 4, 0/39 HPs)
             Began as a Troll Wizard on Apr 20, 2015.
             Slain by an orc priest
             ... wielding a +0,+0 hand axe
              (3 damage)
             ... on Level 3 of the Dungeon.
             The game lasted 00:04:10 (1481 turns).

Trafet the Ruffian (Troll Wizard)                   Turns: 1481, Time: 00:04:10

HP   0/39        AC  5     Str 15      XL: 4   Next: 57%
MP   5/5         EV  9     Int 15      God:
Gold 119         SH  0     Dex  8      Spells:  1 memorised,  6 levels left

rFire  . . .     SeeInvis .       - Unarmed
rCold  . . .     Clarity  .     f - +0 robe
rNeg   + . .     Conserve .     (shield restricted)
rPois  .         rCorr    .     b - +0 hat
rElec  .         rRot     .     (no cloak)
SustAb . .       Spirit   .     (gloves unavailable)
rMut   .         Warding  +     (boots unavailable)
Gourm  +         Stasis   .     u - amulet of warding {unknown}
MR     .....                    (no ring)
                                (no ring)

@: not resistant to hostile enchantments, unstealthy
A: unfitting armour, claws 3, fast metabolism 3, gourmand, regeneration 2,
saprovore 2, shaggy fur 1, tough skin 2
a: no special abilities


You were on level 3 of the Dungeon.
You were very full.

You visited 1 branch of the dungeon, and saw 3 of its levels.

You collected 119 gold pieces.

Inventory:

Missiles
 n - 5 tomahawks (quivered)
Armour
 a - a +0 robe
 b - a +0 hat (worn)
 f - a +0 robe (worn)
Comestibles
 d - 4 meat rations
 i - 8 sultanas
 o - 3 bread rations
Scrolls
 e - a scroll of teleportation {unknown}
 h - a scroll of fear {unknown}
 j - a scroll of enchant weapon II {unknown}
 k - 2 scrolls of identify {unknown}
 m - a scroll of enchant weapon I {unknown}
 p - a scroll of recharging {unknown}
 q - a scroll of magic mapping {unknown}
 r - 2 scrolls of blinking {unknown}
 v - a scroll of remove curse {unknown}
Jewellery
 u - an amulet of warding (around neck) {unknown}
Potions
 g - 2 potions of curing
 l - a potion of confusion {unknown}
 s - 3 potions of heal wounds {unknown}
 t - a potion of beneficial mutation {unknown}
Books
 c - a book of Minor Magic

   Spells                             Type                      Level
   *Magic Dart                        Conjuration                  1
   Blink                              Translocation                2
   Call Imp                           Summoning                    2
   Repel Missiles                     Charms/Air                   2
   Slow                               Hexes                        2
   Conjure Flame                      Conjuration/Fire             3
   Mephitic Cloud                     Conjuration/Poison/Air       3


   Skills:
 - Level 1.6 Dodging
 - Level 1.1 Stealth
 + Level 3.8 Unarmed Combat
 - Level 2.2 Spellcasting
 - Level 0.6 Conjurations
   Level 0.6 Summonings
   Level 0.6 Translocations


You had 6 spell levels left.
You knew the following spells:

 Your Spells              Type           Power        Failure   Level  Hunger
a - Magic Dart            Conj           #...         17%         1    #......


Dungeon Overview and Level Annotations

Branches:
Dungeon (3/15)

Altars:


Innate Abilities, Weirdness & Mutations

You are too large for most types of armour.
You have claws for hands.
Your metabolism is lightning-fast.
You like to eat raw meat.
You heal very quickly.
You can eat rotten meat.
You are covered in fur (AC +1).
You have very tough skin (AC +2).


Message History

The orc closely misses you.
The orc priest mumbles some strange prayers to Beogh against you.
Pain shoots through your body!
You closely miss the orc priest.
The orc priest is severely wounded.
The orc priest mumbles some strange prayers to Beogh against you.
Something smites you! The orc misses you.
You hit the orc priest.
The orc priest is severely wounded.
The orc priest hits you with a hand axe!
* * * LOW HITPOINT WARNING * * *
The orc hits you with a club.
* * * LOW HITPOINT WARNING * * *
You are too injured to fight recklessly!
You are too injured to fight recklessly!
You are too injured to fight recklessly!
You barely miss the orc priest.
The orc priest is severely wounded.
The orc priest hits you with a hand axe.
You die...

.##.#....##. #.#.# ## #
............##.#.##.#..####
...........................
#................##....####
.......#.##.##...#......#
#..#.............#..##..#
.......%.....#...#..# ..#
##.#..#...#..#...#..# .
......#...# #.)@o..#
##.#(.#...# #.o##.##
............?...........
...#..#...#..#.........
#..#.........#.#.#o#####
#..#.##..... #. o#.# ...#.#
...#. .. .... #..#.# .. ..
....# .....# ... ...


You could see an orc priest (bleeding) and an orc.

Vanquished Creatures
  5 adders
  2 worms (D:2)
  A giant gecko (D:2)
  2 orcs (D:3)
  5 bats
  3 giant cockroaches
  10 goblins
  3 hobgoblins
  2 jackals (D:1)
  A quokka (D:3)
  6 giant newts
  6 kobolds
  4 rats
50 creatures vanquished.

Notes
Turn   | Place    | Note
--------------------------------------------------------------
     0 | D:1      | Trafet, the Troll Wizard, began the quest for the Orb.
     0 | D:1      | Reached XP level 1. HP: 16/16 MP: 3/3
   135 | D:1      | Reached XP level 2. HP: 24/24 MP: 3/3
   298 | D:1      | Reached skill level 1 in Unarmed Combat
   701 | D:2      | Reached XP level 3. HP: 28/31 MP: 5/5
  1022 | D:2      | Reached skill level 3 in Unarmed Combat
  1237 | D:3      | Reached XP level 4. HP: 39/39 MP: 5/5
  1481 | D:3      | Slain by an orc priest

Action                   |  1- 3 |  4- 6 || total
-------------------------+-------+-------++-------
Melee: Unarmed           |   132 |    44 ||   176
Throw: Tomahawk          |     1 |       ||     1
  Use: Potion            |     1 |       ||     1
